 Dungeon Crawl Stone Soup version 0.17.0-28-g6e173f8 (webtiles) character file.

133 dohliylev the Covert (level 4, 0/33 HPs)
             Began as a Vampire Assassin on Nov 28, 2015.
             Killed by divine providence
             ... invoked by an orc priest
              (12 damage)
             ... on level 3 of the Dungeon.
             The game lasted 00:07:21 (1937 turns).

dohliylev the Covert (Vampire Assassin)             Turns: 1937, Time: 00:07:21

Health: 0/33       AC:  4    Str: 10    XL:     4   Next: 94%
Magic:  4/4        EV: 12    Int: 13    God:
Gold:   126        SH:  0    Dex: 16    Spells: 0 memorised, 3 levels left

rFire  . . .     SeeInvis +     a - +2 dagger
rCold  + . .     Clarity  .     c - +0 robe
rNeg   + + .     SustAt   .     (no shield)
rPois  +         Gourm    .     (no helmet)
rElec  .         Spirit   .     u - +1 cloak
rCorr  .         Warding  .     (no gloves)
rMut   .         Stasis   .     (no boots)
MR     .....                    (no amulet)
Stlth  +++++.....               (no ring)
                                (no ring)

@: regenerating slowly, not resistant to hostile enchantments, quite stealthy
A: fangs 3, see invisible, unbreathing
a: Bat Form


You were on level 3 of the Dungeon.
You were very thirsty.

You visited 1 branch of the dungeon, and saw 3 of its levels.

You collected 126 gold pieces.

Inventory:

Hand Weapons
 a - a +2 dagger (weapon)
 b - a +0 blowgun
 j - a +2 dagger of venom
Missiles
 e - 5 poisoned needles
 f - 2 curare-tipped needles
 q - 10 tomahawks (quivered)
Armour
 c - a +0 robe (worn)
 u - a +1 cloak (worn)
Jewellery
 p - a +5 ring of dexterity {unknown}
 v - an uncursed ring of wizardry {unknown}
Scrolls
 i - a scroll of enchant armour {unknown}
 k - a scroll of random uselessness {unknown}
 l - a scroll of fog {unknown}
 m - a scroll of teleportation {unknown}
 n - a scroll of fear {unknown}
 o - 3 scrolls of remove curse {unknown}
 s - a scroll of identify {unknown}
 t - a scroll of blinking {unknown}
 w - a scroll of enchant weapon {unknown}
Potions
 d - 2 potions of agility {unknown}
 g - 22 potions of blood
 h - a potion of cure mutation {unknown}
 r - a potion of degeneration {unknown}


   Skills:
 + Level 1.9 Fighting
 + Level 2.6 Short Blades
 + Level 1.7 Throwing
 + Level 1.5 Dodging
 * Level 8.9 Stealth


You had 3 spell levels left.
You didn't know any spells.

Dungeon Overview and Level Annotations

Branches:
Dungeon (3/15)

Altars:
Fedhas
Okawaru


Innate Abilities, Weirdness & Mutations

You heal slowly.
You have razor-sharp teeth.
You have supernaturally acute eyesight.
You can survive without breathing.


Message History

You hit the orc.
The orc is moderately wounded.
The orc misses you.
You hit the orc.
You kill the orc!
A bat comes into view.
q - 10 tomahawks (gained 3)
Items here: ))) †† a club; a mace; a morningstar; an orc corpse; an orc corpse You barely miss the orc priest.
The orc priest misses you.
You hit the orc priest but do no damage.
You bite the orc priest.
You draw the orc priest's blood!
You feel better.
You feel slightly less thirsty.
The orc priest is moderately wounded.
The orc priest hits you with a hand axe.
You hit the orc priest.
The orc priest is heavily wounded.
The orc priest mumbles some strange prayers to Beogh against you.
Something smites you!
You die...

#.#.#.############
#.#.#.# #........
#.#.#.####.########
#)#.#..........#.. #
#.#.######.##.##.#.# #
#.#.#.........##.#.#.?#
#.#.+.................#
#.......)###o#....#
.............#@# ..#
############+#)# #
#......<.....#
#.......#.#..#
#........... #
#.....!## ### #####..
###


You could see an orc priest.

Vanquished Creatures
  An orc priest (D:3)
  An adder (D:2)
  4 gnolls
  A worm (D:2)
  A giant gecko (D:3)
  6 orcs (D:3)
  3 giant cockroaches
  4 goblins
  4 hobgoblins (D:1)
  3 jackals (D:3)
  4 kobolds
  7 bats
  3 giant newts
  A quokka skeleton (D:3)
  8 rats
51 creatures vanquished.

Notes
Turn   | Place    | Note
--------------------------------------------------------------
     0 | D:1      | dohliylev the Vampire Assassin began the quest for the Orb.
     0 | D:1      | Reached XP level 1. HP: 16/16 MP: 1/1
    21 | D:1      | Reached skill level 6 in Stealth
   110 | D:1      | Reached XP level 2. HP: 17/22 MP: 2/2
   342 | D:1      | Reached skill level 7 in Stealth
   847 | D:1      | Reached XP level 3. HP: 27/27 MP: 3/3
  1158 | D:2      | Found a blossoming altar of Fedhas.
  1158 | D:2      | Found an iron altar of Okawaru.
  1619 | D:3      | Reached skill level 8 in Stealth
  1619 | D:3      | Reached XP level 4. HP: 33/33 MP: 4/4
  1937 | D:3      | Killed from afar by an orc priest

Action                   |  1- 3 |  4- 6 || total
-------------------------+-------+-------++-------
Melee: Dagger            |    44 |    48 ||    92
 Fire: Blowgun           |    12 |     6 ||    18
 Stab: Sleeping          |    12 |     4 ||    16
       Distracted        |     3 |       ||     3
